 Dungeon Crawl Stone Soup version 0.32-a0-329-ge6c31236d6 (webtiles) character file.

Game seed: 874355747219804048

7847 runemasterragnar the Grappler (level 11, -5/74 HPs)
             Began as an Octopode Shapeshifter on Feb 16, 2024.
             Was a Follower of Wu Jian.
             Killed from afar by a gargoyle (28 damage)
             ... with a stone arrow
             ... on level 9 of the Dungeon.
             The game lasted 00:16:58 (8990 turns).

runemasterragnar the Grappler (OpSh)                Turns: 8990, Time: 00:16:59

Health: -5/74      AC:  1    Str: 17    XL:     11   Next: 21%
Magic:  11/11      EV: 15    Int: 19    God:    Wu Jian [*.....]
Gold:   473        SH:  0    Dex: 12    Spells: 6/10 levels left

rFire   . .          .
                       - Unarmed
rCold   . . .        (no shield)
rNeg    . . .        (helmet currently unavailable)
rPois   .            w - amulet of regeneration
rElec   .            g - +6 ring of intelligence
rCorr   .            (no ring)
SInv    .            (no ring)
Will    .....        (no ring)
Stlth   +++++        (no ring)
HPRegen 1.12/turn    (no ring)
MPRegen 0.12/turn    (no ring)
                     (no ring)

%: no passive effects
@: beast-form
A: beast (slay +4), almost no armour, amphibious, 8 rings, camouflage 1,
gelatinous body 1, (nimble swimmer 1), tentacles
a: Begin Untransformation, Renounce Religion


You were on level 9 of the Dungeon.
You worshipped Wu Jian.
Wu Jian was aware of your devotion.
You were a hulking beast.
You visited 2 branches of the dungeon, and saw 10 of its levels.
You also visited: Ossuary.

You collected 473 gold pieces.

Inventory:

Hand Weapons
 a - a +2 spear of venom
 y - a +4 spectral club
 A - a +2 sling of freezing
 B - a +8 flail
Missiles
 D - 16 poisoned darts (quivered)
Armour
 H - a +2 tower shield
Jewellery
 g - a +6 ring of intelligence (left tentacle)
 w - an amulet of regeneration (around mantle)
 G - an amulet of magic regeneration
Talismans
 b - a beast talisman (active)
 c - a flux talisman
 d - a serpent talisman
Wands
 s - a wand of flame (30)
 x - a wand of charming (13)
 z - a wand of iceblast (7)
 C - a wand of digging (4)
Scrolls
 e - 2 scrolls of immolation
 f - 2 scrolls of vulnerability {unknown}
 i - 2 scrolls of enchant weapon {unknown}
 k - a scroll of blinking
 l - a scroll of enchant armour
 m - 2 scrolls of fear
 n - a scroll of poison
 o - 3 scrolls of teleportation
 p - a scroll of amnesia
 t - 2 scrolls of fog {unknown}
 u - a scroll of revelation {unknown}
 E - 2 scrolls of torment {unknown}
Potions
 h - 2 potions of brilliance
 j - 4 potions of curing
 q - a potion of mutation
 r - 2 potions of enlightenment
 v - a potion of might
 F - a potion of invisibility


   Skills:
 + Level 6.5 Fighting
 + Level 6.7 Dodging
 + Level 8.8 Stealth
 * Level 9.4 Unarmed Combat
 + Level 3.2 Evocations
 * Level 8.8 Shapeshifting


You had 6 spell levels left.
You knew the following spells:

 Your Spells              Type           Power      Damage    Failure   Level
a - Manifold Assault      Tloc           0%         N/A       90%         4

Your spell library contained the following spells:

 Spells                   Type           Power      Damage    Failure   Level
 Kiss of Death            Conj/Necr      0%         2d5       21%         1
 Mercury Vapours          Alch/Air       0%         N/A       30%         2
 Scorch                   Fire           0%         2d5       30%         2
 Call Canine Familiar     Summ           0%         N/A       52%         3
 Confusing Touch          Hex            0%         N/A       52%         3
 Mephitic Cloud           Conj/Alch/Air  0%         N/A       52%         3
 Sigil of Binding         Hex            0%         N/A       52%         3
 Stone Arrow              Conj/Erth      0%         3d7       52%         3
 Summon Ice Beast         Ice/Summ       0%         N/A       52%         3
 Dimensional Bullseye     Hex/Tloc       0%         N/A       90%         4
 Dispel Undead            Necr           0%         3d6       90%         4
 Flame Wave               Conj/Fire      0%         2d4       90%         4
 Alistair's Intoxication  Alch           0%         N/A       99%         5
 Borgnjor's Vile Clutch   Necr/Erth      0%         N/A       99%         5
 Freezing Cloud           Conj/Ice/Air   0%         6-21      99%         5
 Summon Mana Viper        Hex/Summ       0%         N/A       99%         5
 Dispersal                Tloc           0%         N/A       100%        6
 Eringya's Noxious Bog    Alch           0%         4d6       100%        6
 Summon Cactus Giant      Summ           0%         N/A       100%        6
 Monstrous Menagerie      Summ           0%         N/A       100%        7
 Disjunction              Tloc           0%         N/A       100%        8
 Lehudib's Crystal Spear  Conj/Erth      0%         10d2      100%        8
 Animate Armour           Summ/Erth      Unusable   N/A       N/A         4

Dungeon Overview and Level Annotations

Branches:
Dungeon (9/15)             Temple (1/1) D:7             Orc (0/2) D:9
Ossuary (visited)
   Lair: D:8-11

Altars:
Ashenzari
Cheibriados
Dithmenos
Fedhas
Gozag
Hepliaklqana
Kikubaaqudgha
Makhleb
Nemelex Xobeh
Okawaru
Qazlal
Ru
Trog
Uskayaw
Vehumet
Wu Jian
Yredelemnul
Zin
The Shining One

Shops:
D:3 [   D:7 (   D:9 =

Annotations:
D:7 2 transporters, avangion's ghost, novice MiBe


Innate Abilities, Weirdness & Mutations

You are a hulking beast.
Your limbs bulge with bestial killing power. (Slay +4)
You cannot wear most types of armour.
You are amphibious.
You can wear up to eight rings at the same time.
Your skin changes colour to match your surroundings (Stealth+).
Your rubbery body absorbs attacks. (AC +1, EV +1)
((You are camouflaged when in or above water. (Stealth+)))
You have tentacles for arms and can constrict up to eight enemies at once.


Message History

The gargoyle hurls a stone arrow at you.
The stone arrow hits you!
You see here a yak skeleton.
The gargoyle hurls a stone arrow at you.
The stone arrow hits you!!
You lunge at the gargoyle.
You closely miss the gargoyle. You grab the gargoyle. You squeeze the gargoyle!
The gargoyle is moderately damaged.
You constrict the gargoyle, but do no damage.
The gargoyle hits you with a +0 flail!
You tentacle-slap the gargoyle.
You squeeze the gargoyle, but do no damage.
The gargoyle is heavily damaged.
You constrict the gargoyle, but do no damage.
The gargoyle hits you with a +0 flail.
* * * LOW HITPOINT WARNING * * *
Okay, then.
You barely miss the gargoyle.
You squeeze the gargoyle, but do no damage.
The gargoyle is heavily damaged.
You constrict the gargoyle. You tentacle-slap the gargoyle.
You squeeze the gargoyle, but do no damage.
The gargoyle is heavily damaged.
You constrict the gargoyle.
The gargoyle hurls a stone arrow at you.
The stone arrow misses you.
Unknown command.
You tentacle-slap the gargoyle but do no damage.
The gargoyle is severely damaged.
You constrict the gargoyle, but do no damage.
The gargoyle barely misses you.
Unknown command.
You tentacle-slap the gargoyle but do no damage.
Your squeeze misses the gargoyle.
The gargoyle is severely damaged.
You constrict the gargoyle, but do no damage.
The gargoyle hurls a stone arrow at you.
The stone arrow hits you!!
You die...

#.......# #........##########
####)#..# #........#......... # #
.# #........#......... # #
###.#....#..~~..... #
#.######..~≈≈~... . ##.#
#..~~~~~.. z. #..# #........( ...
#.## #......... .... #h#
#......... .z~..
#####9#######.........
..z...######.$...................
...........#.###...÷......#######
......|.z....# #......~...### #
............## #............# #
......:....## #............#
#'####.....# #............# .
#..########..........###


You could see a gargoyle.

Vanquished Creatures
  A two-headed ogre (D:8)
  Pikel (D:4)
  Joseph (D:7)
  Grinder (D:3)
  Prince Ribbit (D:6)
  Sigmund (D:4)
  3 wyverns
  3 yaks
  Menkaure (D:4)
  Edmund (D:4)
  An acid dragon (D:8)
  3 water moccasins
  An orc warrior (D:8)
  A black bear (D:6)
  3 ice beasts
  A sky beast (D:6)
  A centaur (D:5)
  4 lemures (D:4)
  A phantom (D:5)
  2 kobold brigands
  A gnoll sergeant (D:7)
  2 bullfrogs
  10 scorpions
  18 wights
  5 killer bees (D:9)
  A vampire bat (D:3)
  3 howler monkeys (D:8)
  2 centaur zombies (Ossuary)
  2 human zombies (Ossuary)
  3 jellies
  A bombardier beetle (D:5)
  6 hounds
  3 orc priests
  5 iguanas
  Ijyb (D:5)
  A sleepcap (D:5)
  Natasha (thrice) (D:4)
  3 orc wizards
  6 scorpion zombies (Ossuary)
  3 mummies (Ossuary)
  4 adders
  5 gnolls
  2 shadow imps
  A white imp (D:8)
  2 adder zombies (Ossuary)
  4 dart slugs
  A ribbon worm (D:4)
  16 orcs
  A bat (D:1)
  2 bat skeletons (D:3)
  2 bat zombies (D:3)
  7 endoplasms
  6 giant cockroaches
  2 gnoll zombies (Ossuary)
  6 goblins
  6 hobgoblins
  2 jackals (D:5)
  17 kobolds
  3 quokkas
  3 ball pythons
  3 ball python zombies (Ossuary)
  2 frilled lizards
  3 jackal zombies (Ossuary)
  4 orc zombies (Ossuary)
  4 rats
219 creatures vanquished.

Vanquished Creatures (collateral kills)
  A yak (D:9)
1 creature vanquished.

Grand Total: 220 creatures vanquished

Notes
Turn   | Place    | Note
-------+----------+-------------------------------------------
     0 | D:1      | runemasterragnar the Octopode Shapeshifter began the quest
                  | for the Orb.
     0 | D:1      | Reached XP level 1. HP: 13/13 MP: 1/1
    91 | D:1      | Reached XP level 2. HP: 18/18 MP: 2/2
   207 | D:1      | Reached skill level 1 in Stealth
   410 | D:1      | Reached XP level 3. HP: 23/23 MP: 3/3
   890 | D:2      | You fall into a shaft and drop 2 floors!
   922 | D:4      | Noticed Menkaure
   931 | D:4      | Killed Menkaure
   932 | D:4      | Reached skill level 4 in Unarmed Combat
   932 | D:4      | Reached XP level 4. HP: 27/29 MP: 4/4
   932 | D:4      | Reached XP level 5. HP: 32/34 MP: 5/5
  1024 | D:4      | Noticed Natasha
  1039 | D:4      | Killed Natasha
  1058 | D:4      | Noticed Natasha
  1061 | D:4      | Noticed Sigmund
  1079 | D:4      | Killed Sigmund
  1080 | D:4      | Reached XP level 6. HP: 36/41 MP: 6/6
  1088 | D:4      | Killed Natasha
  1198 | D:4      | Found a sand-covered staircase.
  1203 | Ossuary  | Entered an ossuary
  1294 | Ossuary  | Reached XP level 7. HP: 38/45 MP: 7/7
  1451 | Ossuary  | Reached skill level 5 in Unarmed Combat
  1555 | Ossuary  | Reached skill level 5 in Shapeshifting
  1765 | Ossuary  | Reached XP level 8. HP: 52/52 MP: 8/8
  1917 | D:4      | Noticed Natasha
  1920 | D:4      | Noticed Pikel
  1949 | D:4      | Noticed Edmund
  1967 | D:5      | Entered Level 5 of the Dungeon
  2490 | D:4      | Killed Natasha
  2491 | D:4      | Reached skill level 5 in Stealth
  2491 | D:4      | Reached skill level 6 in Unarmed Combat
  2573 | D:4      | Killed Pikel
  2574 | D:4      | Reached XP level 9. HP: 35/59 MP: 9/9
  2670 | D:4      | Killed Edmund
  3050 | D:3      | Noticed Grinder
  3051 | D:3      | Paralysed by Grinder for 4 turns
  3063 | D:3      | Killed Grinder
  3332 | D:3      | Found Pucatami's Antique Armour Emporium.
  3393 | D:3      | Found a glowing golden altar of the Shining One.
  3502 | D:3      | Found a sparkling altar of Nemelex Xobeh.
  3860 | D:3      | Found an ancient bone altar of Kikubaaqudgha.
  3872 | D:3      | Reached skill level 7 in Unarmed Combat
  4168 | D:4      | Reached skill level 5 in Dodging
  4282 | D:4      | Found a hazy altar of Hepliaklqana.
  5235 | D:5      | Found an opulent altar of Gozag.
  5235 | D:5      | Found a blossoming altar of Fedhas.
  5380 | D:5      | Reached skill level 5 in Fighting
  5576 | D:5      | Noticed Ijyb
  5584 | D:5      | Killed Ijyb
  5846 | D:6      | Noticed Prince Ribbit
  5857 | D:6      | Killed Prince Ribbit
  5928 | D:6      | Reached XP level 10. HP: 49/66 MP: 10/10
  6119 | D:6      | Reached skill level 8 in Unarmed Combat
  6570 | D:7      | Noticed Joseph
  6783 | D:7      | Killed Joseph
  6825 | D:7      | Reached skill level 1 in Evocations
  6899 | D:7      | Found Tovvee's Weapon Boutique.
  6939 | D:7      | Found a transporter.
  7030 | D:7      | Found a staircase to the Ecumenical Temple.
  7053 | Temple   | Entered the Ecumenical Temple
  7076 | Temple   | Became a worshipper of the Wu Jian Council
  7166 | D:7      | Found a bloodstained altar of Trog.
  7255 | D:7      | Noticed a moth of wrath
  7262 | D:7      | Noticed avangion's ghost (novice MiBe)
  7284 | D:7      | Found a transporter.
  7554 | D:7      | Learned a level 4 spell: Manifold Assault
  8226 | D:8      | Noticed a two-headed ogre
  8241 | D:8      | Killed a two-headed ogre
  8242 | D:8      | Reached skill level 9 in Unarmed Combat
  8436 | D:8      | Reached XP level 11. HP: 71/72 MP: 11/11
  8476 | D:9      | Found a staircase to the Orcish Mines.
  8526 | D:9      | Reached * piety under Wu Jian
  8539 | D:9      | Found Husathro's Jewellery Emporium.
  8990 | D:9      | Killed from afar by a gargoyle

Illustrated notes

Levels and vault maps discovered:
D:1:      dpeg_arrival_rooms_c, layout_basic, serial_forest,
          infiniplex_forest_clump_medium, infiniplex_forest_clump_long,
          infiniplex_forest_clump_C, infiniplex_forest_straight_3,
          infiniplex_forest_clump_curved, infiniplex_forest_clump_double,
          infiniplex_forest_clump_medium, corexii_item_surrounded_by_moat
D:2:      layout_loops_ring
D:3:      layout_basic, mainiacjoe_overflow_cross_hatched,
          kennysheep_vampire_church, mainiacjoe_overflow_surrounded_room,
          serial_shops, shop, uniq_grinder
D:4:      layout_basic, marbit_many_paths, enter_ossuary_5, uniq_pikel,
          uniq_menkaure, uniq_edmund, uniq_sigmund, uniq_natasha
D:5:      layout_cave_pools, gammafunk_temple_overflow_elements,
          minmay_starry_boxes, uniq_ijyb
D:6:      layout_loops_corners, minmay_circle_x, uniq_prince_ribbit1
D:7:      layout_cave_pools, lemuel_round_altar, minmay_temple_entry_arrows,
          serial_shops, nicolae_stop_n_shop_2,
          gammafunk_ghost_berserking_beasts, uniq_joseph
D:8:      layout_cave_pods, st_stairs_11, nicolae_straight_to_the_point
D:9:      lemuel_flame_loot_2, layout_basic, orc_0_dummy,
          minmay_shop_enchanted_jewellery, minmay_misc_feat_columns,
          dk_rats_in_the_wall
Temple:   nicolae_temple_godzebo

Skill      XL: |  1  2  3  4  5  6  7  8  9 10 11 |
---------------+----------------------------------+-----
Stealth        | 1 2 3 4 5 7 8 |  8.8
Fighting       | 2 3 4 5 6 |  6.5
Unarmed Combat | 4 5 6 7 9 |  9.4
Shapeshifting  | 4 5 6 7 8 |  8.8
Dodging        | 3 4 5 6 |  6.7
Evocations     | 2 3 |  3.2

Action                     |  1- 3 |  4- 6 |  7- 9 | 10-12 || total
---------------------------+-------+-------+-------+-------++-------
  Melee: Unarmed           |    34 |    43 |   244 |   215 ||   536
         Constrict         |     8 |     9 |    62 |    53 ||   132
         Tentacles         |     9 |    13 |    77 |    59 ||   158
         Punch             |     2 |     3 |    13 |    12 ||    30
Ability: Lunge             |       |       |       |    14 ||    14
         Whirlwind         |       |       |       |     2 ||     2
  Evoke: Wand              |       |       |       |     4 ||     4
    Use: Potion            |     1 |     2 |     2 |     2 ||     7
         Scroll            |     1 |       |     7 |     6 ||    14
   Stab: Sleeping          |     5 |       |    20 |     4 ||    29
         Invisible         |       |     1 |     1 |       ||     2
 Armour: Skin              |    11 |    18 |    98 |   117 ||   244
  Dodge: Dodged            |    21 |    29 |   150 |   133 ||   333

Table legend: (Time is in decaauts)
 A = Elapsed time spent in this place.
 B = Non-inter-level travel time spent in this place.
 C = Inter-level travel time spent in this place.
 D = Time resting spent in this place.
 E = Time spent auto-exploring this place.
 F = Levels seen in this place.
 G = Mean time per level.
                   A        B        C        D        E       F      G
               +--------+--------+--------+--------+--------+-----+--------+
         Total |   8951 |   8557 |    394 |   1471 |   4889 |  11 |  813.7 |
       Dungeon |   8210 |   7833 |    377 |   1471 |   4475 |   9 |  912.2 |
        Temple |     44 |     27 |     17 |      0 |      0 |   1 |   44.0 |
       Ossuary |    696 |    696 |      0 |      0 |    414 |   1 |  696.0 |
               +--------+--------+--------+--------+--------+-----+--------+

Top non-repeatable levels by time:
     D:4: 1370 daAuts
     D:3: 1165 daAuts
     D:5: 1100 daAuts
     D:6: 969 daAuts
     D:7: 842 daAuts
     D:1: 833 daAuts
     D:8: 815 daAuts
 Ossuary: 696 daAuts
     D:2: 604 daAuts
     D:9: 507 daAuts
  Temple: 44 daAuts
